 Dungeon Crawl Stone Soup version 0.32-a0-630-g46d191b0ed (webtiles) character file.

Game seed: 8802414579202963552

19511 LocusOfCreation the Fighter (level 12, -1/116 HPs)
             Began as a Naga Alchemist on Mar 7, 2024.
             Was the Champion of Cheibriados.
             Slain by a skyshark (3 damage)
             ... on level 2 of the Lair of Beasts.
             The game lasted 00:22:11 (16536 turns).

LocusOfCreation the Fighter (Naga Alchemist)       Turns: 16536, Time: 00:22:11

Health: -1/116     AC: 19    Str: 32    XL:     12   Next: 69%
Magic:  4/26       EV: 11    Int: 35    God:    Cheibriados [******]
Gold:   996        SH:  0    Dex: 27    Spells: 13/31 levels left

rFire   x x .        v - +3 war axe (elec)
rCold   x x .        (no shield)
rNeg    + . .        x - +0 steam dragon scales
rPois   +            (no helmet)
rElec   +            s - +0 cloak
rCorr   .            (no gloves)
SInv    +            a - +0 barding of the Special Nights {rElec rN+ Stlth+}
Will    +....        I - amulet of Elemental Vulnerability {rPois rF-- rC-- AC+8}
Stlth   +++++        j - +6 ring of strength
HPRegen 0.39/turn    (no ring)
MPRegen 0.20/turn

%: no passive effects
@: very slightly contaminated, very slow
A: AC +4, large, see invisible, deformed body, poison resistance, slowness 2,
spit poison 1, naga tail 1
a: Spit Poison, Renounce Religion, Bend Time, Temporal Distortion, Slouch, Step
From Time


You were on level 2 of the Lair of Beasts.
You worshipped Cheibriados.
Cheibriados was exalted by your worship.
You visited 3 branches of the dungeon, and saw 13 of its levels.
You also visited: Sewer.

You collected 996 gold pieces.

Inventory:

Hand Weapons
 l - a +2 mace
 v - a +3 war axe of electrocution (weapon)
Missiles
 k - 8 curare-tipped darts
 A - 2 throwing nets
Armour
 a - the +0 barding of the Special Nights (worn) {rElec rN+ Stlth+}
   (You acquired it on level 6 of the Dungeon)

   rElec:     It insulates you from electricity.
   rN+:       It protects you from negative energy.
   Stlth+:    It makes you more stealthy.
 s - a +0 cloak (worn)
 x - +0 steam dragon scales (worn)
 J - a +0 troll leather armour
 M - a +2 chain mail of poison resistance
Magical Staves
 n - a staff of air {rElec !a}
Jewellery
 j - a +6 ring of strength (left hand)
 o - an amulet of guardian spirit
 q - an amulet of the acrobat
 I - the amulet of Elemental Vulnerability (around neck) {rPois rF-- rC-- AC+8}
   (You took it off a gnoll sergeant on level 9 of the Dungeon)

   [amulet of nothing]

   AC+8:      It affects your AC (+8).
   rF--:      It makes you very vulnerable to fire.
   rC--:      It makes you very vulnerable to cold.
   rPois:     It protects you from poison.
 K - an amulet of faith
 N - an amulet of magic regeneration
Wands
 i - a wand of roots (1)
 C - a wand of polymorph (13)
 G - a wand of flame (12)
Scrolls
 c - 3 scrolls of amnesia
 e - a scroll of enchant weapon
 g - 2 scrolls of noise
 h - 4 scrolls of immolation
 p - a scroll of revelation {@r5}
 u - 3 scrolls of vulnerability {!r}
 w - 3 scrolls of brand weapon
 y - 2 scrolls of teleportation {@r3}
 E - a scroll of silence {!r}
 L - 2 scrolls of poison
 S - a scroll of fog {unknown}
Potions
 b - 2 potions of magic
 d - 4 potions of enlightenment
 f - a potion of might {unknown}
 m - a potion of curing {@q2}
 r - 5 potions of degeneration
 t - a potion of ambrosia {unknown}
 z - 2 potions of cancellation {unknown}
 D - 2 potions of heal wounds {unknown}
 F - a potion of invisibility {unknown}
 H - 2 potions of berserk rage {unknown}
 O - a potion of lignification {unknown}
 P - 2 potions of brilliance {unknown}
 Q - a potion of mutation {unknown}
 R - a potion of attraction {unknown}
Miscellaneous
 B - a tin of tremorstones (2/2)


   Skills:
 - Level 10.0 Fighting
 + Level 4.0 Dodging
 - Level 5.0 Stealth
 - Level 10.0 Spellcasting
 - Level 5.0 Conjurations
 - Level 5.0 Ice Magic
 - Level 5.0 Air Magic
 - Level 8.0 Alchemy
 - Level 10.0 Invocations


You had 13 spell levels left.
You knew the following spells:

 Your Spells              Type           Power      Damage    Failure   Level
f - Freezing Cloud        Conj/Ice/Air   25%        6-21      9%          5
i - Ignite Poison         Fire/Alch      45%        N/A       4%          4
o - Olgreb's Toxic Radia  Alch           65%        N/A       1%          4
s - Sting                 Conj/Alch      100%       1d9       1%          1
S - Sticky Flame          Fire/Alch      45%        2d9       4%          4

Your spell library contained the following spells:

 Spells                   Type           Power      Damage    Failure   Level
 Cigotuvi's Dreadful Rot  Necr/Alch/Air  94%        N/A       1%          2
 Mercury Vapours          Alch/Air       100%       N/A       1%          2
 Mephitic Cloud           Conj/Alch/Air  56%        N/A       1%          3
 Summon Lightning Spire   Summ/Air       35%        N/A       9%          4
 Animate Armour           Summ/Erth      34%        N/A       24%         4
 Lee's Rapid Deconstruct  Erth           8%         3d7*      56%         5


Dungeon Overview and Level Annotations

Branches:
Dungeon (10/15)            Temple (1/1) D:4            Lair (2/5) D:8
    Orc (0/2) D:9           Sewer (visited)
  Swamp: Lair:2-3    Shoals: Lair:2-3     Snake: Lair:2-3    Spider: Lair:2-3

Altars:
Ashenzari
Cheibriados
Dithmenos
Elyvilon
Fedhas
Gozag
Hepliaklqana
Kikubaaqudgha
Makhleb
Nemelex Xobeh
Okawaru
Qazlal
Ru
Sif Muna
Trog
Uskayaw
Vehumet
Wu Jian
Xom
Yredelemnul
Zin
The Shining One

Shops:
D:9 (

Annotations:
Lair:1 2 transporters, Nilihum's ghost, journeyman CoAr


Innate Abilities, Weirdness & Mutations

Your serpentine skin is tough. (AC +4)
You have supernaturally acute eyesight. (SInv)
Armour fits poorly on your strangely shaped body.
Your system is resistant to poisons. (rPois)
You cover ground very slowly.
You can spit poison.
You have a snake-like lower body.


Message History

The skyshark tail-slaps you but does no damage.
The skyshark completely misses you.
You hit the skyshark. Lightning courses through the skyshark!
The skyshark is heavily wounded.
The grasping roots constrict the skyshark!
You grasping roots sink back into the ground.
The skyshark bites you but does no damage.
The skyshark tail-slaps you but does no damage.
The skyshark tail-slaps you. The skyshark bites you!
The skyshark enters a blood-rage!
The skyshark tail-slaps you.
The skyshark tail-slaps you but does no damage.
Aiming: Spit Poison (1% risk of failure)
Press: ? - help, Shift-Dir - straight line The splash of poison hits the skyshark!
The skyshark is poisoned.
The skyshark is severely wounded.
The skyshark completely misses you.
The skyshark tail-slaps you but does no damage.
The skyshark tail-slaps you!
* * * LOW HITPOINT WARNING * * *
Aiming: Fastroot
Press: ? - help, Q - select action, (/) - cycle Shift-Dir - straight line The roots erupt in riotous growth!
Roots grab the skyshark.
The grasping roots constrict the skyshark.
The skyshark bites you.
* * * LOW HITPOINT WARNING * * *
The skyshark tail-slaps you but does no damage.
The skyshark closely misses you. The skyshark barely misses you.
The skyshark misses you.
The skyshark tail-slaps you but does no damage.
You hit the skyshark.
The skyshark is severely wounded.
You have got your breath back.
The grasping roots constrict the skyshark.
The skyshark looks more healthy.
The skyshark bites you!!
* * * LOW HITPOINT WARNING * * *
The skyshark tail-slaps you but does no damage.
The skyshark tail-slaps you.
You die...
Cheibriados appreciates the motionlessness of death.

#.......# ####......##
# ##...#§.§...# ..
#....+§.....#..
#..###§........ #..#
#§†...#### # ###.##
#.....#
##.#..'####..F†.###.+
#...........†@.......
##...................
#....................
#.....................
##....###...#....#..##
##..###...##....####
#.. #....##.....#
#...#....#......# #
#.....#......#


You could see a skyshark (berserk, rooted).

Vanquished Creatures
  2 hydras
  2 two-headed ogres (D:9)
  A death yak (Lair:1)
  5 elephants (Lair:2)
  2 black mambas (Lair:1)
  A torpor snail (Lair:1)
  5 cane toads
  A rime drake (Lair:2)
  Maggie (D:7)
  3 komodo dragons
  2 trolls
  Grinder (D:4)
  2 polar bears
  A hornet (D:8)
  A wraith (D:10)
  23 yaks (Lair:1)
  2 wyverns
  A basilisk (Lair:1)
  Grum (D:9)
  2 steam dragons
  3 water moccasins
  4 orc warriors
  An ice beast (D:6)
  2 black bears
  5 ogres
  10 wolves
  5 centaurs
  A kobold brigand (D:8)
  8 gnoll sergeants
  4 bullfrogs
  A scorpion (D:6)
  6 wights (D:7)
  9 killer bees
  A howler monkey (D:9)
  2 electric eels
  3 jellies
  4 hounds
  9 orc priests
  2 gnoll boudas (D:6)
  A sleepcap (D:6)
  2 iguanas
  14 orc wizards
  26 gnolls
  5 adders
  4 river rats
  A shadow imp (D:5)
  2 ufetubi (D:6)
  4 ribbon worms
  5 dart slugs
  37 orcs
  11 ball pythons
  10 bats
  11 endoplasms
  4 giant cockroaches
  7 goblins
  5 hobgoblins
  11 jackals
  3 quokkas
  2 frilled lizards
  12 kobolds
  11 rats
327 creatures vanquished.

Notes
Turn   | Place    | Note
-------+----------+-------------------------------------------
     0 | D:1      | LocusOfCreation the Naga Alchemist began the quest for the
                  | Orb.
     0 | D:1      | Reached XP level 1. HP: 15/15 MP: 3/3
   214 | D:1      | Reached XP level 2. HP: 22/22 MP: 1/5
   868 | D:1      | Reached XP level 3. HP: 17/28 MP: 1/6
  2011 | D:2      | Reached XP level 4. HP: 31/36 MP: 1/8
  2865 | D:3      | Found a faded altar of an unknown god.
  2923 | D:3      | Found a sparkling altar of Nemelex Xobeh.
  3787 | D:4      | Reached skill level 5 in Stealth
  3787 | D:4      | Reached XP level 5. HP: 25/42 MP: 2/9
  3808 | D:4      | Identified the +4 sling of Wu Jian, Screaming {antimagic,
                  | ^Contam +Blink rN+ Str+6}
  3869 | D:4      | Learned a level 4 spell: Olgreb's Toxic Radiance
  3935 | D:4      | Found a glowing drain.
  3940 | D:4      | Reached skill level 5 in Alchemy
  4017 | Sewer    | Entered a sewer
  4454 | Sewer    | Reached XP level 6. HP: 49/49 MP: 5/11
  4947 | D:4      | Noticed Grinder
  4967 | D:4      | Killed Grinder
  4968 | D:4      | Reached XP level 7. HP: 21/55 MP: 0/13
  5151 | D:4      | Found a staircase to the Ecumenical Temple.
  5166 | Temple   | Entered the Ecumenical Temple
  5173 | Temple   | Became a worshipper of Cheibriados the Contemplative
  5349 | D:4      | Found an ornate altar of the Wu Jian Council.
  5589 | D:5      | Entered Level 5 of the Dungeon
  5617 | D:5      | Reached skill level 1 in Fighting
  5717 | D:5      | Learned a level 5 spell: Freezing Cloud
  5882 | D:5      | Reached skill level 1 in Ice Magic
  5882 | D:5      | Reached skill level 1 in Air Magic
  5981 | D:5      | Reached * piety under Cheibriados
  5984 | D:5      | Reached XP level 8. HP: 44/66 MP: 1/14
  6597 | D:5      | Found an iron altar of Okawaru.
  7244 | D:6      | Reached ** piety under Cheibriados
  8035 | D:6      | Found a shadowy altar of Dithmenos.
  8273 | D:6      | Reached XP level 9. HP: 74/74 MP: 9/16
  8381 | D:6      | Identified a scroll of acquirement
  8382 | D:6      | Acquired the +0 barding of the Special Nights {rElec rN+
                  | Stlth+}
  8680 | D:7      | Reached skill level 5 in Spellcasting
  9527 | D:6      | Learned a level 4 spell: Sticky Flame
  9711 | D:7      | Reached *** piety under Cheibriados
  9943 | D:7      | Noticed Maggie
  9947 | D:7      | Reached skill level 5 in Conjurations
  9948 | D:7      | Reached skill level 5 in Air Magic
  9950 | D:7      | Reached skill level 5 in Ice Magic
 10117 | D:7      | Killed Maggie
 10455 | D:8      | Reached skill level 5 in Fighting
 10456 | D:8      | Reached XP level 10. HP: 88/88 MP: 5/19
 10616 | D:8      | Reached **** piety under Cheibriados
 10973 | D:8      | Found a staircase to the Lair.
 11339 | D:8      | Found a white marble altar of Elyvilon.
 11435 | D:8      | Learned a level 4 spell: Ignite Poison
 11468 | D:9      | Noticed a two-headed ogre
 11641 | D:9      | Killed a two-headed ogre
 12135 | D:9      | Noticed a seven-headed hydra
 12143 | D:9      | Killed a seven-headed hydra
 12453 | D:9      | Reached XP level 11. HP: 89/100 MP: 13/23
 12672 | D:9      | Found Minuyr's Firing Range.
 12676 | D:9      | Noticed a two-headed ogre
 12680 | D:9      | Killed a two-headed ogre
 12680 | D:9      | Reached ***** piety under Cheibriados
 12681 | D:9      | Reached skill level 5 in Invocations
 12797 | D:9      | Noticed Grum
 12800 | D:9      | Killed Grum
 13246 | D:9      | Found a staircase to the Orcish Mines.
 13379 | D:10     | Entered Level 10 of the Dungeon
 14461 | Lair:1   | Entered Level 1 of the Lair of Beasts
 14744 | Lair:1   | Noticed a death yak
 14750 | Lair:1   | Killed a death yak
 15000 | Lair:1   | Found a transporter.
 15004 | Lair:1   | Noticed Nilihum's ghost (journeyman CoAr)
 15026 | Lair:1   | Found a transporter.
 15087 | Lair:1   | Noticed a moth of wrath
 15119 | Lair:1   | Reached XP level 12. HP: 115/115 MP: 13/25
 15713 | Lair:1   | Reached skill level 10 in Fighting
 15713 | Lair:1   | Reached skill level 10 in Spellcasting
 16398 | Lair:2   | Reached ****** piety under Cheibriados
 16400 | Lair:2   | Reached skill level 10 in Invocations
 16401 | Lair:2   | Noticed a five-headed hydra
 16411 | Lair:2   | Killed a five-headed hydra
 16526 | Lair:2   | Noticed a skyshark
 16536 | Lair:2   | HP: 2/116 [skyshark (21)]
 16536 | Lair:2   | Slain by a skyshark

Illustrated notes

Levels and vault maps discovered:
D:1:      minmay_arrival_shattered_statue, layout_basic, minmay_tromino_i2
D:2:      minmay_diamond_boxcup, layout_loops_ring
D:3:      wad_lake_hut, layout_basic, mainiacjoe_overflow_six_doors_small,
          hellmonk_ecumenical_altar_blasted, amcnicky_mini_corridor_feature
D:4:      layout_loops_ring, nzn_wu_jian_council_hall,
          minmay_temple_entry_waves, serial_forest,
          infiniplex_forest_lined_room_2, infiniplex_forest_zigzag_1,
          infiniplex_forest_end_1, infiniplex_forest_clump_long,
          infiniplex_forest_straight_2, portal_sewer_entry_b,
          grunt_decor_junction, uniq_grinder
D:5:      layout_rooms, kennysheep_okawaru_gauntlet
D:6:      layout_basic, mainiacjoe_overflow_alcove_1, serial_co_window_serial,
          co_window_of_opportunity_a, co_window_paths_a, co_window_paths_a,
          co_window_corner_a, co_window_of_opportunity_a, co_window_corner_ca,
          co_window_broadway_a, co_window_paths_c, co_window_paths_c,
          co_window_corner_b, co_window_of_opportunity_b,
          co_window_of_opportunity_b, co_window_paths_e, glass_columns_a,
          glass_columns_b, hangedman_glass_teeth
D:7:      layout_gridville, uniq_maggie
D:8:      layout_loops_ring, nicolae_elyvilon_temple_path, lair_entry_dummy
D:9:      layout_small_grid, kennysheep_orc_monster_closet_entryway,
          nicolae_concentric_dashed_squares_wild, dk_noncrumbling_3,
          nicolae_shop_firing_range, uniq_grum
D:10:     layout_gridville
Temple:   minmay_crystal_spiral_temple
Lair:1:   layout_small_grid, gammafunk_ghost_berserking_beasts,
          serial_bayou_shore_a, grunt_megastairs_4, serial_bayou_shore_b,
          serial_bayou_shore_b
Lair:2:   layout_regular_city, elwin_shoals_entry_rooms, beast_lair_carwin_3,
          grunt_megastairs_1

Skill      XL: |  1  2  3  4  5  6  7  8  9 10 11 12 |
---------------+-------------------------------------+-----
Alchemy        | 4 5 7 8 |  8.0
Stealth        | 4 5 |  5.0
Spellcasting   | 3 4 6 8 9 10 | 10.0
Fighting       | 1 2 5 7 9 10 | 10.0
Ice Magic      | 1 3 5 |  5.0
Air Magic      | 1 3 5 |  5.0
Conjurations   | 2 3 5 |  5.0
Invocations    | 4 7 10 | 10.0
Dodging        | 4 |  4.0

Action                     |  1- 3 |  4- 6 |  7- 9 | 10-12 || total
---------------------------+-------+-------+-------+-------++-------
  Melee: Unarmed           |    15 |     8 |    16 |       ||    39
         Punch             |       |     1 |     1 |       ||     2
         Mace              |       |       |     5 |       ||     5
         War axe           |       |       |       |    55 ||    55
   Cast: Sting             |    59 |    85 |    94 |    64 ||   302
         Olgreb's Toxic Ra |       |     4 |    47 |    59 ||   110
         Sticky Flame      |       |       |     8 |    11 ||    19
         Freezing Cloud    |       |       |       |    19 ||    19
         Ignite Poison     |       |       |       |     9 ||     9
Ability: Spit Poison       |    23 |    27 |    19 |    37 ||   106
  Evoke: Wand              |       |       |     4 |     5 ||     9
    Use: Scroll            |       |       |    14 |     5 ||    19
         Potion            |       |       |       |     3 ||     3
   Stab: Sleeping          |       |       |     1 |     1 ||     2
 Armour: Robe              |    43 |    46 |    38 |       ||   127
         Steam dragon scal |       |       |    67 |   209 ||   276
  Dodge: Dodged            |    40 |    23 |    96 |   132 ||   291

Table legend: (Time is in decaauts)
 A = Elapsed time spent in this place.
 B = Non-inter-level travel time spent in this place.
 C = Inter-level travel time spent in this place.
 D = Time resting spent in this place.
 E = Time spent auto-exploring this place.
 F = Levels seen in this place.
 G = Mean time per level.
                   A        B        C        D        E       F      G
               +--------+--------+--------+--------+--------+-----+--------+
         Total |  24931 |  23665 |   1266 |   2282 |  19102 |  14 | 1780.8 |
       Dungeon |  20504 |  19345 |   1159 |   1841 |  15692 |  10 | 2050.4 |
        Temple |     21 |      1 |     20 |      0 |      0 |   1 |   21.0 |
          Lair |   3515 |   3429 |     86 |    441 |   2636 |   2 | 1757.5 |
         Sewer |    890 |    890 |      0 |      0 |    773 |   1 |  890.0 |
               +--------+--------+--------+--------+--------+-----+--------+

Top non-repeatable levels by time:
     D:9: 2868 daAuts
     D:6: 2831 daAuts
     D:7: 2779 daAuts
  Lair:1: 2730 daAuts
     D:8: 2182 daAuts
    D:10: 2116 daAuts
     D:1: 1949 daAuts
     D:4: 1698 daAuts
     D:2: 1582 daAuts
     D:3: 1257 daAuts
     D:5: 1236 daAuts
   Sewer: 890 daAuts
  Lair:2: 784 daAuts
  Temple: 21 daAuts
